 Dungeon Crawl Stone Soup version 0.22-a0-305-gd21a89c538 (webtiles) character file.

973 Oravi the Spear-Bearer (level 8, -7/59 HPs)
             Began as a Merfolk Skald on Apr 1, 2018.
             Was an Initiate of Qazlal.
             Mangled by Prince Ribbit (19 damage)
             ... on level 5 of the Dungeon.
             The game lasted 00:27:44 (7752 turns).

Oravi the Spear-Bearer (Merfolk Skald)              Turns: 7752, Time: 00:27:45

Health: -7/59      AC:  3    Str: 13    XL:     8   Next: 16%
Magic:  10/11      EV: 13    Int: 15    God:    Qazlal [......]
Gold:   186        SH:  0    Dex: 14    Spells: 0/11 levels left

rFire    . . .     SeeInvis .   a - +1 spear
rCold    . . .     Gourm    .   (no shield)
rNeg     . . .     Faith    .   b - +0 leather armour
rPois    .         Spirit   .   (no helmet)
rElec    .         Reflect  .   (no cloak)
rCorr    .         Harm     .   (no gloves)
MR       .....                  (no boots)
Stlth    +.........             (no amulet)
HPRegen  0.19/turn              n - +3 ring of intelligence
MPRegen  0.12/turn              (no ring)

@: infused, invisible
A: change form in water, swift swim, stealthy swim
a: Renounce Religion


You were on level 5 of the Dungeon.
You worshipped Qazlal.
Qazlal was noncommittal.
You were not hungry.

You visited 2 branches of the dungeon, and saw 7 of its levels.

You collected 186 gold pieces.

Inventory:

Hand Weapons
 a - a +1 spear (weapon)
Armour
 b - a +0 leather armour (worn)
Jewellery
 i - a cursed -2 ring of slaying {unknown}
 n - a +3 ring of intelligence (left hand)
Wands
 t - a wand of random effects (19)
Scrolls
 c - a scroll of amnesia {unknown}
 e - a scroll of blinking {unknown}
 f - 6 scrolls of identify
 g - 3 scrolls of magic mapping
 h - 4 scrolls of remove curse
 j - a scroll of enchant weapon
 k - 2 scrolls of teleportation {unknown}
 o - a scroll of noise {unknown}
 r - a scroll of enchant armour {unknown}
Potions
 l - a potion of ambrosia
 q - a potion of flight {unknown}
 s - a potion of haste {unknown}
Comestibles
 d - 9 rations


   Skills:
 + Level 3.6 Fighting
 - Level 12.1 Polearms
 - Level 0.6 Armour
 + Level 3.1 Dodging
 - Level 2.0 Spellcasting
 + Level 3.4 Charms
 + Level 0.5 Translocations


You couldn't memorise any spells.
You knew the following spells:

 Your Spells              Type           Power        Failure   Level  Hunger
a - Infusion              Chrm           ##..         7%          1    #......
b - Song of Slaying       Chrm           ##......     11%         2    ###....
c - Shroud of Golubria    Chrm/Tloc      #.........   19%         2    ###....
d - Regeneration          Chrm/Necr      #.........   38%         3    ###....
e - Spectral Weapon       Hex/Chrm       #.......     38%         3    ###....


Dungeon Overview and Level Annotations

Branches:
Dungeon (6/15)             Temple (1/1) D:5

Altars:
Ashenzari
Cheibriados
Elyvilon
Fedhas
Gozag
Kikubaaqudgha
Makhleb
Nemelex Xobeh
Qazlal
Ru
Sif Muna
Trog
Uskayaw
Wu Jian
Yredelemnul
The Shining One

Annotations:
D:5 Prince Ribbit


Message History

You are too injured to fight recklessly!
You are too injured to fight recklessly!
You are too injured to fight recklessly!
You are too injured to fight recklessly!
You are too injured to fight recklessly!
You are too injured to fight recklessly!
You are too injured to fight recklessly!
You are too injured to fight recklessly!
You are too injured to fight recklessly!
You are too injured to fight recklessly!
Casting: Infusion (safe; 7% risk of failure)
Confirm with . or Enter, or press ? or * to list all spells.
You begin infusing your attacks with magical energy.
Prince Ribbit hits you!!
* * * LOW HITPOINT WARNING * * *
You are too injured to fight recklessly!
It was a potion of invisibility.
You fade into invisibility!
Prince Ribbit hits you!!
You die...

.......# #..........# #####
##.##### #.########## #.... #.#
#.# #.### #.###### #.# #.#
#......#####.# #.#
######.#.....# #.# #.#.....# #.#
#.#.....##### #.# #.#.......@.#
#.# #.#.....###F# ####.#
#.[......##.########....#
#######..#..##.##..........#..#
.>...##..#..##.###########....#
.....#...#.........# ##.#.#
...#.###.#.###.###.########.#.##
.....# #.#.###.# #.##..........#
.....# #.......# #.##..........#


You could see Prince Ribbit.

Vanquished Creatures
  2 black bears
  An ogre (D:3)
  Blork the orc (D:4)
  A scorpion (D:5)
  A crimson imp (D:5)
  3 orc priests
  A bullfrog skeleton (D:5)
  2 orc wizards (D:4)
  A gnoll shaman (D:5)
  An iguana (D:4)
  5 worker ants
  5 adders
  5 gnolls (D:5)
  4 oozes
  4 worms
  2 dart slugs
  4 leopard geckos
  12 orcs
  5 bats
  8 giant cockroaches
  8 goblins
  7 hobgoblins
  2 jackals (D:3)
  A quokka (D:3)
  6 frilled lizards
  8 kobolds
  4 rats
104 creatures vanquished.

Notes
Turn   | Place    | Note
-------+----------+-------------------------------------------
     0 | D:1      | Oravi the Merfolk Skald began the quest for the Orb.
     0 | D:1      | Reached XP level 1. HP: 16/16 MP: 3/3
   114 | D:1      | Reached skill level 4 in Polearms
   114 | D:1      | Reached XP level 2. HP: 21/22 MP: 5/5
   567 | D:1      | Reached skill level 5 in Polearms
   567 | D:1      | Reached XP level 3. HP: 27/27 MP: 6/6
   921 | D:2      | Found a deep blue altar of Sif Muna.
  1304 | D:2      | Found a bloodstained altar of Trog.
  1315 | D:2      | Found a faded altar of an unknown god.
  1321 | D:2      | Reached skill level 6 in Polearms
  1373 | D:2      | Reached XP level 4. HP: 33/33 MP: 7/7
  2271 | D:3      | Reached skill level 7 in Polearms
  2508 | D:3      | Learned a level 2 spell: Song of Slaying
  2511 | D:3      | Learned a level 2 spell: Shroud of Golubria
  2554 | D:3      | Noticed an ogre
  2561 | D:3      | Killed an ogre
  2561 | D:3      | Reached skill level 8 in Polearms
  2561 | D:3      | Reached XP level 5. HP: 19/38 MP: 1/8
  2953 | D:3      | Reached XP level 6. HP: 5/44 MP: 0/9
  3511 | D:3      | Reached skill level 9 in Polearms
  4174 | D:4      | Noticed Blork the orc
  4189 | D:4      | Killed Blork the orc
  4441 | D:4      | Reached skill level 10 in Polearms
  4458 | D:4      | Reached XP level 7. HP: 6/50 MP: 0/10
  5037 | D:4      | Found a white marble altar of Elyvilon.
  5098 | D:4      | Found a stormy altar of Qazlal.
  5276 | D:4      | Reached skill level 11 in Polearms
  5721 | D:5      | Entered Level 5 of the Dungeon
  6578 | D:5      | Reached XP level 8. HP: 27/58 MP: 0/11
  6754 | D:5      | Found a snail-covered altar of Cheibriados.
  6800 | D:5      | Found a staircase to the Ecumenical Temple.
  6823 | Temple   | Entered the Ecumenical Temple
  6885 | Temple   | Learned a level 3 spell: Regeneration
  6889 | Temple   | Learned a level 3 spell: Spectral Weapon
  6996 | D:4      | Became a worshipper of Qazlal Stormbringer
  7410 | D:5      | Found a basalt altar of Yredelemnul.
  7412 | D:5      | Found a sparkling altar of Nemelex Xobeh.
  7519 | D:6      | Reached skill level 12 in Polearms
  7734 | D:6      | Noticed Prince Ribbit
  7752 | D:5      | Mangled by Prince Ribbit

Vault maps used:
D:1:      dpeg_arrival_pits
D:2:      nicolae_overflow_crystal_walls, lemuel_doored_altar,
          chequers_ecumenical_altar_simple_redux, minmay_tall_x
D:3:      dk_noncrumbling_2
D:4:      black_bear_nest_2, overflow_temple_1_default, elyvilon_altar_3,
          uniq_blork_the_orc
D:5:      kennysheep_little_box, nicolae_overflow_hidden_temple, temple_hall,
          first_ration
D:6:      minmay_opposing_rooms, kennysheep_mini_moat, uniq_prince_ribbit1
Temple:   zaba_magenta_temple

Skill      XL: |  1  2  3  4  5  6  7  8 |
---------------+-------------------------+-----
Polearms       | 4 5 6 8 10 11 12 | 12.1
Dodging        | 3 |  3.1
Fighting       | 3 |  3.6
Armour         | |  0.6
Spellcasting   | |  2.0
Charms         | |  3.4
Translocations | |  0.5

Action                   |  1- 3 |  4- 6 |  7- 9 || total
-------------------------+-------+-------+-------++-------
Melee: Spear             |   120 |   237 |   231 ||   588
 Cast: Infusion          |       |     4 |     5 ||     9
       Song of Slaying   |       |     3 |     3 ||     6
  Use: Potion            |       |     4 |     1 ||     5
       Scroll            |       |     4 |       ||     4
 Stab: Distracted        |     1 |       |       ||     1
       Sleeping          |       |     1 |       ||     1
  Eat: Chunk             |     1 |     9 |     9 ||    19
       Ration            |       |       |     1 ||     1
Armor: Leather armour    |    11 |    23 |    14 ||    48
Dodge: Dodged            |    55 |    85 |    79 ||   219

Table legend:
 A = Spawn XP
 B = Non-spawn XP
 C = Spawn XP percentage of total XP
 D = Spawn monster count
 E = Non-spawn monster count
 F = Spawn count percentage of total count
 G = Total turns spent on level
                    A         B        C        D         E        F      G
               +---------+---------+-------+---------+---------+-------+---------
         Total |       0 |    1391 |   0.0 |       0 |     104 |   0.0 |  7752
               +---------+---------+-------+---------+---------+-------+---------
           D:1 |       0 |      43 |   0.0 |       0 |      24 |   0.0 |   906
           D:2 |       0 |      43 |   0.0 |       0 |      13 |   0.0 |   714
           D:3 |       0 |     258 |   0.0 |       0 |      28 |   0.0 |  2160
           D:4 |       0 |     554 |   0.0 |       0 |      19 |   0.0 |  2018
           D:5 |       0 |     360 |   0.0 |       0 |      19 |   0.0 |  1827
           D:6 |       0 |     133 |   0.0 |       0 |       1 |   0.0 |    42
               +---------+---------+-------+---------+---------+-------+---------
